 Dungeon Crawl Stone Soup version 0.31-a0-150-g89dc3ad700 (webtiles) character file.

Game seed: 3432917045587319637

14162 Demosthentine the Fighter (level 11, -14/81 HPs)
             Began as a Demonspawn Gladiator on June 9, 2023.
             Was a Follower of Hepliaklqana.
             Hit by a large rock thrown by a cyclops (34 damage)
             ... on level 11 of the Dungeon.
             The game lasted 00:11:21 (9279 turns).

Demosthentine the Fighter (Demonspawn Gladiator)    Turns: 9279, Time: 00:11:22

Health: -14/81     AC: 11    Str: 16    XL:     11   Next: 85%
Magic:  14/14      EV: 17    Int: 10    God:    Hepliaklqana [*.....]
Gold:   423        SH:  5    Dex: 17    Spells: 10/10 levels left

rFire   . . .        a - +1 trident (spect)
rCold   . . .        (no shield)
rNeg    . . .        b - +0 leather armour
rPois   .            c - +0 helmet
rElec   .            G - +1 cloak {Stlth+}
rCorr   .            x - +0 pair of gloves
SInv    +            (no boots)
Will    +....        k - amulet of reflection
Stlth   ++           r - ring of see invisible
HPRegen 0.33/turn    o - ring of willpower
MPRegen 0.14/turn

%: reflection
@: no status effects
A: reduced essence, hooves 2, yellow scales 2, ignite blood 3, spiny 1
a: Renounce Religion, Recall Ancestor, Ancestor Identity


You were on level 11 of the Dungeon.
You worshipped Hepliaklqana.
Hepliaklqana was aware of your devotion.
You visited 2 branches of the dungeon, and saw 12 of its levels.

You collected 599 gold pieces.
You spent 176 gold pieces at shops.

Inventory:

Hand Weapons
 a - a +1 spectral trident (weapon)
Missiles
 d - 3 curare-tipped darts (quivered)
 e - a javelin
 s - 7 boomerangs
 L - 2 throwing nets
Armour
 b - a +0 leather armour (worn)
 c - a +0 helmet (worn)
 x - a +0 pair of gloves (worn)
 G - a +1 cloak of stealth (worn)
 K - the +0 pair of gloves of the Pits of Slime {rPois rN+++ Int-5 Dex+3}
   (You found it on level 10 of the Dungeon)

   Int:       It affects your intelligence (-5).
   Dex:       It affects your dexterity (+3).
   rPois:     It protects you from poison.
   rN:        It renders you almost immune to negative energy.
Jewellery
 k - an amulet of reflection (around neck)
 n - an amulet of the acrobat
 o - a ring of willpower (right hand)
 r - a ring of see invisible (left hand)
 t - a ring of flight
 y - an amulet of faith
 D - a +6 ring of intelligence
 I - a ring of resist corrosion
Wands
 l - a wand of digging (7)
 u - a wand of polymorph (4)
 A - a wand of iceblast (13)
 C - a wand of quicksilver (9)
 F - a wand of flame (36)
Scrolls
 i - 6 scrolls of teleportation
 j - 3 scrolls of immolation
 q - a scroll of fog
 v - 3 scrolls of enchant weapon
 E - a scroll of identify
 J - a scroll of amnesia
 P - a scroll of summoning
Potions
 f - 4 potions of haste
 g - 2 potions of cancellation
 h - 2 potions of curing
 m - a potion of resistance
 p - 2 potions of enlightenment
 w - 3 potions of might
 z - 4 potions of mutation
 B - 2 potions of invisibility
 H - 2 potions of ambrosia
 M - a potion of berserk rage
 N - a potion of heal wounds


   Skills:
 + Level 10.0 Fighting
 + Level 9.4 Polearms
 - Level 1.7 Throwing
 - Level 6.1 Armour
 + Level 9.4 Dodging
 + Level 4.8 Invocations
 - Level 5.5 Evocations


You had 10 spell levels left.
You didn't know any spells.
Your spell library contained the following spells:

 Spells                   Type           Power      Damage    Failure   Level
 Apportation              Tloc           0%         N/A       41%         1
 Call Canine Familiar     Summ           0%         N/A       80%         3
 Portal Projectile        Hex/Tloc       0%         N/A       80%         3
 Tukima's Dance           Hex            0%         N/A       80%         3
 Animate Armour           Summ/Erth      0%         N/A       99%         4
 Leda's Liquefaction      Hex/Erth       0%         N/A       99%         4
 Passage of Golubria      Tloc           0%         N/A       99%         4
 Summon Lightning Spire   Summ/Air       0%         N/A       99%         4
 Alistair's Intoxication  Tmut/Pois      0%         N/A       100%        5
 Blade Hands              Tmut           0%         N/A       100%        5
 Yara's Violent Unravell  Hex/Tmut       0%         3d3       100%        5


Dungeon Overview and Level Annotations

Branches:
Dungeon (11/15)            Temple (1/1) D:6             Orc (0/2) D:9
   Lair: D:8-11

Altars:
Ashenzari
Cheibriados
Dithmenos
Fedhas
Gozag
Hepliaklqana
Kikubaaqudgha
Makhleb
Nemelex Xobeh
Okawaru
Qazlal
Ru
Sif Muna
Trog
Uskayaw
Vehumet
Wu Jian
Xom
Yredelemnul

Shops:
D:6 =   D:10 *

Annotations:
D:11 Fannar


Innate Abilities, Weirdness & Mutations

Your life essence is reduced to manifest your ancestor. (-10% HP)
You have hoof-like feet.
You are mostly covered in yellow scales. (AC +3)
Your demonic aura causes all spilled blood to erupt in flames.
You are partially covered in sharp spines.


Message History

The yak is moderately wounded.
Your +1 spectral trident hits the yak but does no damage.
Your +1 spectral trident is engulfed in blazing flames.
The yak is struck by your spines. The yak barely misses you.
Your +1 spectral trident is engulfed in blazing flames.
Unknown command.
You hit the yak. You kick the yak.
The yak is severely wounded.
Your +1 spectral trident barely misses the yak.
Your +1 spectral trident is engulfed in blazing flames. x2
The yak is engulfed in blazing flames.
The yak is struck by your spines.
You kill the yak!
Unknown command.
No target in view!
Unknown command.
No target in view!
Unknown command.
No target in view!
You can't go up here!
Your +1 spectral trident disappears.
You climb downwards.
Level annotation: Fannar The centaur shoots an arrow.
The arrow barely misses you.
The arrow barely misses the yak.
The centaur wields a +0 orcbow.
The centaur shoots an arrow.
The arrow closely misses you.
Psammuthes hits the yak!
The centaur shoots an arrow.
The arrow hits you!
The cyclops throws a large rock.
The large rock misses Psammuthes.
The large rock hits you!! The yak is struck by your spines. The yak gores you!
* * * LOW HITPOINT WARNING * * *
The yak is struck by your spines. The yak barely misses you.
Psammuthes barely misses the yak.
The centaur shoots an arrow.
The arrow misses you.
The arrow hits the yak!
There is a stone staircase leading up, spattered with blood here.
The yak gores you but does no damage.
The yak is engulfed in blazing flames.
The yak is struck by your spines. The yak gores you.
* * * LOW HITPOINT WARNING * * *
The cyclops throws a large rock.
The large rock barely misses Psammuthes.
The large rock hits you!!
You die...

......... ......
.........###..c....
...........#.......#
........##...........
#.......##............
y....>..##.............
#.....§.Y...........Y./
#.....☼@YccY.........#
#.....YR##Y..........
#.......##?......#.###.
#.....C.....Y..........
###...T#.#.............
#.#..#.##.$.#R.#..#.
.............e..# ##
..[#..#..##.......
..##. #.#.......


You could see the friendly Psammuthes the ancestor, a cyclops, 4 yaks, a troll,
a vampire mosquito, an ice beast (summoned) and 3 centaurs.

Vanquished Creatures
  Gastronok (D:8)
  Snorg (D:10)
  Josephine (D:10)
  Erolcha (D:9)
  Erica (D:8)
  Sonja (D:10)
  A skeletal warrior (D:7)
  Maurice (D:8)
  Maggie (D:7)
  A komodo dragon (D:10)
  A polar bear (D:10)
  2 trolls
  A slime creature (D:8)
  11 yaks
  A vampire (D:10)
  A wyvern (D:10)
  Grum (D:8)
  A steam dragon (D:8)
  8 wraiths
  Menkaure (D:6)
  4 wargs (D:9)
  A water moccasin (D:6)
  2 orc warriors (D:7)
  2 ice beasts (D:11)
  3 ogres
  A black bear (D:7)
  2 centaurs
  4 wolves
  3 phantoms
  Blork the orc (D:5)
  A kobold brigand (D:6)
  2 bullfrogs (D:9)
  A gnoll sergeant (D:9)
  2 scorpions
  8 wights (D:8)
  13 killer bees
  A howler monkey (D:10)
  4 hounds
  A jelly (D:7)
  2 orc priests
  An iguana (D:6)
  Terence (D:3)
  A scorpion zombie (D:2)
  A sleepcap (D:6)
  Natasha (twice) (D:3)
  13 orc wizards
  Robin (D:3)
  10 gnolls
  10 adders
  A shadow imp (D:8)
  2 adder skeletons (D:2)
  5 worms
  2 dart slugs
  28 orcs
  5 ball pythons
  4 bats
  A bat skeleton (D:2)
  11 endoplasms
  A giant cockroach (D:2)
  9 goblins
  9 hobgoblins
  6 jackals
  6 quokkas
  A ball python skeleton (D:2)
  A ball python zombie (D:2)
  A frilled lizard (D:3)
  2 jackal zombies (D:2)
  7 kobolds
  A quokka skeleton (D:2)
  A quokka zombie (D:2)
  4 rats
  2 spectral weapons
246 creatures vanquished.

Vanquished Creatures (others)
  6 spectral weapons
6 creatures vanquished.

Grand Total: 252 creatures vanquished

Notes
Turn   | Place    | Note
-------+----------+-------------------------------------------
     0 | D:1      | Demosthentine the Demonspawn Gladiator began the quest for
                  | the Orb.
     0 | D:1      | Reached XP level 1. HP: 16/16 MP: 1/1
   170 | D:1      | Gained mutation: Your demonic aura sometimes causes spilled
                  | blood to erupt in flames. [demonic ancestry]
   170 | D:1      | Reached XP level 2. HP: 22/22 MP: 2/2
   670 | D:2      | Reached skill level 1 in Armour
   723 | D:2      | Gained mutation: Your demonic aura often causes spilled
                  | blood to erupt in flames. [demonic ancestry]
   723 | D:2      | Reached XP level 3. HP: 28/28 MP: 3/3
  1241 | D:2      | Gained mutation: Your demonic aura causes all spilled blood
                  | to erupt in flames. [demonic ancestry]
  1241 | D:2      | Reached XP level 4. HP: 11/34 MP: 4/4
  1439 | D:2      | Reached skill level 3 in Fighting
  1759 | D:3      | Noticed Terence
  1760 | D:3      | Killed Terence
  1761 | D:3      | Gained mutation: You are partially covered in sharp spines.
                  | [demonic ancestry]
  1761 | D:3      | Reached XP level 5. HP: 41/41 MP: 5/5
  1982 | D:3      | Noticed Natasha
  1988 | D:3      | Killed Natasha
  2030 | D:3      | Noticed Natasha
  2036 | D:3      | Killed Natasha
  2116 | D:3      | Noticed a phantom
  2121 | D:3      | Killed a phantom
  2122 | D:3      | Reached XP level 6. HP: 47/47 MP: 6/6
  2350 | D:3      | Noticed Robin
  2353 | D:3      | Killed Robin
  2875 | D:4      | Reached skill level 4 in Fighting
  2907 | D:4      | Found a basalt altar of Yredelemnul.
  2908 | D:4      | Found a sparkling altar of Nemelex Xobeh.
  3009 | D:4      | Gained mutation: You have large cloven feet. [demonic
                  | ancestry]
  3009 | D:4      | Reached XP level 7. HP: 41/54 MP: 7/7
  3166 | D:5      | Entered Level 5 of the Dungeon
  3282 | D:5      | Noticed Blork the orc
  3287 | D:5      | Killed Blork the orc
  3377 | D:5      | Identified the +3 pair of boots "Uwnyonoi" {rPois Str+3
                  | Dex-3}
  3658 | D:5      | Found a broken altar of Ashenzari.
  3780 | D:6      | Found a staircase to the Ecumenical Temple.
  3798 | Temple   | Entered the Ecumenical Temple
  4051 | D:6      | Reached skill level 5 in Fighting
  4051 | D:6      | Reached skill level 5 in Polearms
  4051 | D:6      | Reached skill level 5 in Dodging
  4051 | D:6      | Gained mutation: You are partially covered in yellow
                  | scales. (AC +2) [demonic ancestry]
  4051 | D:6      | Reached XP level 8. HP: 41/62 MP: 8/8
  4459 | D:6      | Found Udiobrud's Jewellery Boutique.
  4703 | D:7      | Noticed Maggie
  4710 | D:7      | Killed Maggie
  4711 | D:7      | Reached skill level 6 in Fighting
  4711 | D:7      | Reached skill level 5 in Armour
  4725 | D:7      | Reached XP level 9. HP: 53/69 MP: 9/9
  5006 | D:7      | Found the +5 scythe "Finisher" {speed, execute}
  5009 | D:7      | Noticed a skeletal warrior
  5197 | D:6      | Found an iron altar of Okawaru.
  5199 | D:6      | Found an ancient bone altar of Kikubaaqudgha.
  5201 | D:6      | Found a bloodstained altar of Trog.
  5328 | D:6      | Noticed Menkaure
  5333 | D:6      | Killed Menkaure
  5784 | D:7      | Killed a skeletal warrior
  5785 | D:7      | Reached skill level 7 in Fighting
  5962 | D:8      | Reached skill level 1 in Evocations
  6095 | D:8      | Noticed Gastronok
  6108 | D:8      | Killed Gastronok
  6109 | D:8      | Gained mutation: You have hoof-like feet. [demonic
                  | ancestry]
  6109 | D:8      | Reached XP level 10. HP: 73/80 MP: 10/10
  6344 | D:8      | Noticed Grum
  6345 | D:8      | Noticed Erica
  6362 | D:8      | Killed Erica
  6363 | D:8      | Reached skill level 8 in Fighting
  6669 | D:8      | Killed Grum
  7097 | D:8      | Noticed Maurice
  7115 | D:8      | Killed Maurice
  7471 | D:8      | Found a snail-covered altar of Cheibriados.
  7668 | D:9      | Noticed Erolcha
  7678 | D:9      | Killed Erolcha
  7679 | D:9      | Gained mutation: You are mostly covered in yellow scales.
                  | (AC +3) [demonic ancestry]
  7679 | D:9      | Reached XP level 11. HP: 87/87 MP: 11/11
  7694 | D:9      | Reached skill level 5 in Evocations
  7733 | D:9      | Reached skill level 9 in Fighting
  7802 | D:9      | Found a staircase to the Orcish Mines.
  7913 | D:9      | Found a hazy altar of Hepliaklqana.
  8007 | D:9      | Became a worshipper of Hepliaklqana the Forgotten
  8284 | D:10     | Entered Level 10 of the Dungeon
  8386 | D:10     | Noticed Josephine
  8404 | D:10     | Reached skill level 1 in Invocations
  8407 | D:10     | Killed Josephine
  8648 | D:10     | Identified the +0 pair of gloves of the Pits of Slime
                  | {rPois rN+++ Int-5 Dex+3}
  8751 | D:10     | Noticed Sonja
  8765 | D:10     | Killed Sonja
  8882 | D:10     | Found Ted Xyme's Assorted Antiques.
  8890 | D:10     | Bought a potion of curing for 66 gold pieces
  8890 | D:10     | Bought a scroll labelled KONUHEQUFIO for 22 gold pieces
  8890 | D:10     | Bought a potion of might for 88 gold pieces
  9000 | D:10     | Reached * piety under Hepliaklqana
  9100 | D:10     | Noticed Snorg
  9108 | D:10     | Killed Snorg
  9238 | D:11     | Noticed Fannar
  9268 | D:10     | Reached skill level 10 in Fighting
  9279 | D:11     | Hit by a large rock thrown by a cyclops

Illustrated notes

Levels and vault maps discovered:
D:1:      minmay_arrival_widening_spiral_wide, layout_loops_ring,
          shapermc_ecumenical_altar_petra, chequers_garden
D:2:      layout_loops_cross, serial_undead, serial_undead_e, serial_undead_c,
          serial_undead_f, serial_undead_e, serial_undead_e, serial_undead_a
D:3:      layout_basic, uniq_natasha, uniq_robin, uniq_terence
D:4:      layout_rooms, mainiacjoe_overflow_divided_tiny
D:5:      layout_loops_ring, ashenzari_altar_1, uniq_blork_the_orc
D:6:      layout_gridville, elyvilon_altar_4, grunt_temple_overflow_diamond,
          minmay_temple_entry_large_hall, serial_shops, shop, uniq_menkaure
D:7:      layout_rooms, hangedman_decor_slide_cut,
          minmay_guarded_unrand_finisher, uniq_maggie
D:8:      layout_basic, chei_slow_surprise, uniq_maurice, uniq_erica,
          uniq_gastronok, uniq_grum
D:9:      layout_rooms, lemuel_round_altar, minmay_orc_entry_guard_dogs,
          nicolae_benzene_ring, uniq_erolcha
D:10:     layout_irregular_city, serial_shops, nicolae_shop_waterfront,
          chequers_serial_rivers_micro_a, minmay_misc_feat_nine_boxes,
          minmay_puff, uniq_josephine, uniq_sonja, uniq_snorg
D:11:     layout_rooms, hellmonk_lair_entry_icy, uniq_fannar
Temple:   nicolae_temple_bog_church

Skill      XL: |  1  2  3  4  5  6  7  8  9 10 11 |
---------------+----------------------------------+-----
Dodging        | 3 4 5 6 7 8 9 |  9.4
Armour         | 1 2 3 4 5 6 |  6.1
Polearms       | 3 4 5 7 8 9 |  9.4
Fighting       | 3 4 5 6 7 8 10 | 10.0
Evocations     | 2 4 5 |  5.5
Invocations    | 4 |  4.8
Throwing       | |  1.7

Action                     |  1- 3 |  4- 6 |  7- 9 | 10-12 || total
---------------------------+-------+-------+-------+-------++-------
  Melee: Trident           |   133 |   139 |   190 |   232 ||   694
         Punch             |       |     1 |     2 |     2 ||     5
         Kick              |       |       |    32 |    44 ||    76
  Throw: Throwing net      |       |       |     3 |     2 ||     5
    Use: Scroll            |     5 |     8 |     4 |    11 ||    28
         Potion            |       |       |       |     2 ||     2
   Stab: Sleeping          |     5 |     2 |     1 |     1 ||     9
         Distracted        |       |       |     7 |     3 ||    10
         Held in net/web   |       |       |     1 |       ||     1
 Armour: Leather armour    |    48 |    12 |    16 |    40 ||   116
  Dodge: Dodged            |   121 |    37 |    38 |   110 ||   306
  Block: Other             |       |     7 |    19 |    29 ||    55
         Reflection        |       |       |       |     3 ||     3

Table legend: (Time is in decaauts)
 A = Elapsed time spent in this place.
 B = Non-inter-level travel time spent in this place.
 C = Inter-level travel time spent in this place.
 D = Time resting spent in this place.
 E = Time spent auto-exploring this place.
 F = Levels seen in this place.
 G = Mean time per level.
                   A        B        C        D        E       F      G
               +--------+--------+--------+--------+--------+-----+--------+
         Total |   9318 |   8948 |    370 |    100 |   6964 |  12 |  776.5 |
       Dungeon |   9118 |   8748 |    370 |    100 |   6797 |  11 |  828.9 |
        Temple |    200 |    200 |      0 |      0 |    167 |   1 |  200.0 |
               +--------+--------+--------+--------+--------+-----+--------+

Top non-repeatable levels by time:
     D:8: 1471 daAuts
     D:6: 1140 daAuts
     D:7: 1004 daAuts
    D:10: 968 daAuts
     D:2: 959 daAuts
     D:3: 860 daAuts
     D:4: 716 daAuts
     D:9: 685 daAuts
     D:1: 664 daAuts
     D:5: 613 daAuts
  Temple: 200 daAuts
    D:11: 31 daAuts
